Map: Lost and Found LE

Players

Juxtapose - Winner!

  • Race: Terran Terran
  • Spawn Location: 7:00

VOD

https://youtu.be/iNpH6JKFsoM

Description

Time

  • Played on: June 20, 2018, 7:56 p.m.
  • Length: 20:47
Show
View Real Time Build Order
Export as new Build Order

Juxtapose Terran - Winner!

Build Orders:  

Get SALT Encoding   

  12  0:01  SCV  
  13  0:18  SCV  
  14  0:29  Supply Depot  
  14  0:35  SCV  
  15  0:59  SCV  
  16  1:03  Barracks  
  16  1:06  Supply Depot  
  16  1:16  SCV  
  17  1:25  Refinery  
  17  1:33  SCV  
  18  1:43  Refinery  
  12  1:50  SCV  
  19  2:09  Orbital Command  
  19  2:23  Barracks  
  19  2:25  Barracks Reactor  
  19  2:47  SCV  
  20  3:04  SCV  
  21  3:12  Engineering Bay  
  21  3:18  Marine x2  
  23  3:20  SCV  
  24  3:37  SCV  
  25  3:52  Barracks Tech Lab  
  25  3:58  Terran Infantry Weapons Level 1  
  25  4:10  Missile Turret  
  25  4:16  Factory  
  25  4:20  Supply Depot  
  25  4:23  Stimpack  
  25  4:24  Marine x2  
  25  4:25  Marauder  
  29  4:39  Supply Depot  
  29  4:54  Marine x2  
  29  4:57  Marauder  
  33  5:28  Command Center  
  33  5:38  Cyclone  
  36  5:44  Marine x2  
  36  5:49  Marauder  
  40  6:13  Supply Depot  
  40  6:14  Marine x2  
  42  6:22  Marauder  
  42  6:26  Cyclone  
  47  6:49  Terran Infantry Armor Level 1  
  47  6:56  Marine x2  
  47  6:57  Marauder  
  51  7:05  SCV  
  52  7:13  Unknown  
  52  7:14  Supply Depot  
  52  7:22  SCV, Marine x2  
  52  7:27  Marauder  
  57  7:36  SCV  
  57  7:39  SCV  
  59  7:46  Marine  
  59  7:47  Marine  
  61  7:56  SCV  
  61  7:57  Marauder  
  65  8:07  Orbital Command  
  64  8:28  Marauder, Marine x2  
  53  8:31  Cyclone  
  45  8:43  SCV  
  45  8:44  SCV  
  47  8:53  Marine x2  
  47  8:57  Starport  
  49  9:00  Marauder  
  49  9:03  Concussive Shells  
  49  9:07  SCV x2  
  53  9:18  Marine x2  
  55  9:20  Factory Tech Lab  
  55  9:24  Factory Reactor, SCV x2  
  57  9:41  SCV x2  
  57  9:43  Marine  
  57  9:45  Marine  
  57  9:49  Marauder  
  63  9:55  Starport Tech Lab  
  63  10:05  Supply Depot  
  63  10:08  Marine  
  64  10:10  Refinery  
  64  10:13  Refinery, SCV x2  
  64  10:19  Marauder  
  68  10:21  Cyclone x2  
  68  10:24  Medivac  
  68  10:29  Marine  
  77  10:33  Marine  
  78  10:49  Marauder, Armory  
  80  10:51  SCV x2  
  80  10:54  Marine  
  80  10:58  Marine  
  84  11:05  Medivac  
  86  11:20  Command Center  
  86  11:30  Supply Depot  
  86  11:39  Barracks  
  86  12:00  Marauder, Marine x2, Medivac  
  86  12:05  Supply Depot  
  92  12:25  Marine x2  
  94  12:35  Marauder, Cyclone  
  99  12:46  Barracks  
  99  12:58  Marine x2  
  89  13:02  Medivac  
  89  13:05  Marauder  
  78  13:26  Marine x2  
  73  13:35  Marauder  
  74  13:46  Cyclone x2  
  81  13:51  Marine x2  
  73  14:05  Marauder  
  72  14:31  Cyclone  
  72  14:35  Marauder  
  65  15:04  Command Center  
  65  15:05  Marauder  
  66  15:19  Unknown  
  60  15:35  Cyclone x2  
  50  16:19  Unknown  
  40  17:11  Barracks  
  40  17:15  Orbital Command, Barracks  
  40  17:21  Refinery  
  40  17:23  Refinery  
  40  18:19  Supply Depot  
  40  18:53  Supply Depot  
  40  18:58  Command Center  
  40  19:29  Factory  
  40  19:43  Supply Depot  
  40  20:22  Supply Depot  
Tags
 
Add a new tag
Caveats
  • Supply blocks, unpowered buildings, or Contaminate may cause inaccurate times.
  • Supply counts are checked every 10 seconds.